EL
NORTHWEST ARKANSAS NATURALS @ MONTGOMERY BISCUITS
05/13/2048
 
TOP OF THE 1ST
Northwest Arkansas Naturals batting - Pitching for Montgomery Biscuits : RHP Miguel Romero
Pitching: RHP Miguel Romero
Batting: SHB Ryoji Hiraoka 0-0: Ball
1-0: Fly out, F8 (Flyball, 78D, EV 98.1 MPH)
Batting: RHB Kazuki Arai 0-0: Called Strike
0-1: Swinging Strike
0-2: Ball
1-2: Foul Ball, location: 2F
1-2: Ball
2-2: Ball
3-2: Strikes out swinging
Batting: RHB Alex Cid 0-0: Foul Ball, location: 2F
0-1: SINGLE (Groundball, 4M, EV 105.0 MPH)
Batting: RHB Edwin Ramos 0-0: Foul Ball, location: 2F
0-1: Foul Ball, location: 2F
0-2: Ball
1-2: Foul Ball, location: 2F
1-2: SINGLE (Groundball, 6MD, EV 103.1 MPH)
Alex Cid to second
Runner from 2nd tries for 3rd, SAFE, throw by CF made to third
Batting: LHB Bobby Gonzalez 0-0: Ball
1-0: Foul Ball, location: 2F
1-1: Ground out 4-3 (Groundball, 13, EV 90.0 MPH)
Top of the 1st over - 0 runs, 2 hits, 0 errors, 2 left on base; Northwest Arkansas 0 - Montgomery 0
BOTTOM OF THE 1ST
Montgomery Biscuits batting - Pitching for Northwest Arkansas Naturals : RHP Kevin Tumbleson
Pitching: RHP Kevin Tumbleson
Batting: LHB Darryl Gonnella 0-0: Swinging Strike
0-1: Foul Ball, location: 2F
0-2: Foul Ball, location: 2F
0-2: Strikes out swinging
Batting: RHB Chris Thorson 0-0: Ball
1-0: Ground out U3 (Groundball, 34, EV 84.4 MPH)
Batting: SHB Joey Pacheco 0-0: Called Strike
0-1: Ball
1-1: Ball
2-1: Foul Ball, location: 2F
2-2: Ground out 4-3 (Groundball, 4, EV 91.9 MPH)
Bottom of the 1st over - 0 runs, 0 hits, 0 errors, 0 left on base; Northwest Arkansas 0 - Montgomery 0
TOP OF THE 2ND
Northwest Arkansas Naturals batting - Pitching for Montgomery Biscuits : RHP Miguel Romero
Batting: LHB Joe Cozart 0-0: Ball
1-0: Ground out 4-3 (Groundball, 4, EV 86.2 MPH)
Batting: RHB Chad Sullivan 0-0: Called Strike
0-1: Foul Ball, location: 2F
0-2: Ball
1-2: Strikes out looking
Batting: RHB Eric Erickson 0-0: Ball
1-0: Swinging Strike
1-1: Swinging Strike
1-2: Ground out 6-3 (Groundball, 6, EV 89.4 MPH)
Top of the 2nd over - 0 runs, 0 hits, 0 errors, 0 left on base; Northwest Arkansas 0 - Montgomery 0
BOTTOM OF THE 2ND
Montgomery Biscuits batting - Pitching for Northwest Arkansas Naturals : RHP Kevin Tumbleson
Batting: RHB Alex Diaz 0-0: Ball
1-0: Called Strike
1-1: Ball
2-1: Called Strike
2-2: Foul Ball, location: 2F
2-2: Strikes out looking
Batting: LHB Eric Toney 0-0: Called Strike
0-1: Called Strike
0-2: Strikes out swinging
Batting: RHB James Huddleston 0-0: Ball
1-0: Foul Ball, location: 2F
1-1: Foul Ball, location: 2F
1-2: Ball
2-2: Strikes out swinging, 2-3 out at first.
Bottom of the 2nd over - 0 runs, 0 hits, 0 errors, 0 left on base; Northwest Arkansas 0 - Montgomery 0
TOP OF THE 3RD
Northwest Arkansas Naturals batting - Pitching for Montgomery Biscuits : RHP Miguel Romero
Batting: SHB Danny Ballenger 0-0: Called Strike
0-1: Swinging Strike
0-2: Foul Ball, location: 2F
0-2: Strikes out swinging
Batting: SHB Ryoji Hiraoka 0-0: Ball
1-0: Foul Ball, location: 2F
1-1: Foul Ball, location: 2F
1-2: Strikes out swinging
Batting: RHB Kazuki Arai 0-0: Ball
1-0: Ball
2-0: Ball
3-0: Base on Balls
Batting: RHB Alex Cid 0-0: Ball
1-0: Ball
2-0: Ball
Kazuki Arai steals 2nd base
3-0: Called Strike
3-1: SINGLE (Groundball, 56D, EV 98.1 MPH)
Kazuki Arai to third
Runner from 3rd tries for Home, SAFE, throw by LF to home
Alex Cid to second
Batting: RHB Edwin Ramos 0-0: Ball
1-0: Ball
2-0: SINGLE (Line Drive, 4M, EV 99.4 MPH)
Alex Cid to third
Runner from 3rd tries for Home, throw by CF and OUT! 8-2
Top of the 3rd over - 1 run, 2 hits, 0 errors, 1 left on base; Northwest Arkansas 1 - Montgomery 0
BOTTOM OF THE 3RD
Montgomery Biscuits batting - Pitching for Northwest Arkansas Naturals : RHP Kevin Tumbleson
Batting: SHB Julio Hernandez 0-0: Ball
1-0: Ground out 1-3 (Groundball, 13S, EV 65.6 MPH)
Batting: LHB Danny Hull 0-0: Ball
1-0: Ball
2-0: DOUBLE (Line Drive, 78D, EV 104.4 MPH)
Batting: RHB Roberto Aispuro 0-0: Called Strike
Danny Hull steals 3rd base
0-1: SINGLE (Groundball, 6MD, EV 105.0 MPH)
Danny Hull scores
Batting: LHB Darryl Gonnella 0-0: SINGLE (Groundball, 13S, EV 71.2 MPH) (infield hit)
Roberto Aispuro to second
Batting: RHB Chris Thorson 0-0: Called Strike
0-1: Fielders Choice at 2nd, 3-6 (Groundball, 34, EV 88.8 MPH)
Roberto Aispuro to third
Batting: SHB Joey Pacheco 0-0: Foul Ball, location: 2F
0-1: Ball
1-1: Foul Ball, location: 2F
1-2: Ball
2-2: Foul Ball, location: 2F
2-2: Hit by Pitch
Chris Thorson to second
Batting: RHB Alex Diaz 0-0: Foul Ball, location: 2F
0-1: Foul Ball, location: 2F
0-2: Fielders Choice at 2nd, 5-4 (Groundball, 56, EV 109.4 MPH)
Bottom of the 3rd over - 1 run, 3 hits, 0 errors, 3 left on base; Northwest Arkansas 1 - Montgomery 1
TOP OF THE 4TH
Northwest Arkansas Naturals batting - Pitching for Montgomery Biscuits : RHP Miguel Romero
Batting: LHB Bobby Gonzalez 0-0: Ball
1-0: Ground out 4-3 (Groundball, 4, EV 110.0 MPH)
Batting: LHB Joe Cozart 0-0: DOUBLE (Line Drive, 9LS, EV 105.0 MPH)
Batting: RHB Chad Sullivan 0-0: Ball
1-0: Called Strike
1-1: Ball
2-1: Ground out 6-3 (Groundball, 6, EV 84.4 MPH)
Batting: RHB Eric Erickson 0-0: Ball
1-0: Called Strike
1-1: Swinging Strike
1-2: Hit by Pitch
Batting: SHB Danny Ballenger 0-0: Ball
1-0: SINGLE (Groundball, 4D, EV 95.6 MPH)
Joe Cozart to third
Eric Erickson to second
Runner from 3rd tries for Home, SAFE, throw by RF to home
Batting: SHB Ryoji Hiraoka 0-0: Ball
1-0: Foul Ball, location: 2F
1-1: Ball
2-1: Called Strike
2-2: Foul Ball, location: 2F
2-2: Ball
3-2: Base on Balls
Eric Erickson to third
Danny Ballenger to second
Batting: RHB Kazuki Arai 0-0: Ball
1-0: Ground out U3 (Groundball, 3, EV 100.6 MPH)
Top of the 4th over - 1 run, 2 hits, 0 errors, 3 left on base; Northwest Arkansas 2 - Montgomery 1
BOTTOM OF THE 4TH
Montgomery Biscuits batting - Pitching for Northwest Arkansas Naturals : RHP Kevin Tumbleson
Batting: LHB Eric Toney 0-0: Ball
1-0: Foul Ball, location: 2F
1-1: Foul Ball, location: 2F
1-2: SOLO HOME RUN (Flyball, 9LD, EV 95.0 MPH), Distance : 356 ft
Batting: RHB James Huddleston 0-0: Called Strike
0-1: Bunt for hit to 15S - play at first, batter OUT! 1-3
Batting: SHB Julio Hernandez 0-0: Ball
1-0: Foul Ball, location: 2F
1-1: SINGLE (Line Drive, 56D, EV 100.0 MPH)
Batting: LHB Danny Hull 0-0: Called Strike
0-1: Ball
1-1: Fly out, F6 (Popup, 6MS, EV 73.8 MPH)
Batting: RHB Roberto Aispuro 0-0: Ball
1-0: Fly out, F7 (Flyball, 7D, EV 100.0 MPH)
Bottom of the 4th over - 1 run, 2 hits, 0 errors, 1 left on base; Northwest Arkansas 2 - Montgomery 2
TOP OF THE 5TH
Northwest Arkansas Naturals batting - Pitching for Montgomery Biscuits : RHP Miguel Romero
Batting: RHB Alex Cid 0-0: Ball
1-0: Reached on error, E3 (Groundball, 34, EV 103.8 MPH)
Batting: RHB Edwin Ramos 0-0: Fielders Choice at 2nd, 6-4 (Groundball, 6, EV 83.1 MPH)
Batting: LHB Bobby Gonzalez 0-0: Called Strike
0-1: Ball
1-1: Ball
2-1: Swinging Strike
2-2: Strikes out swinging
Batting: LHB Joe Cozart 0-0: Ball
1-0: Ball
2-0: Called Strike
2-1: Called Strike
2-2: Foul Ball, location: 2F
2-2: Fly out, F9 (Flyball, 9LS, EV 91.2 MPH)
Top of the 5th over - 0 runs, 0 hits, 1 error, 1 left on base; Northwest Arkansas 2 - Montgomery 2
BOTTOM OF THE 5TH
Montgomery Biscuits batting - Pitching for Northwest Arkansas Naturals : RHP Kevin Tumbleson
Pitching: RHP Justin Potts
Batting: LHB Darryl Gonnella 0-0: Ball
1-0: Ball
2-0: Called Strike
2-1: Called Strike
2-2: Ground out U3 (Groundball, 3S, EV 70.0 MPH)
Batting: RHB Chris Thorson 0-0: Called Strike
0-1: Ball
1-1: Swinging Strike
1-2: Strikes out looking
Batting: SHB Joey Pacheco 0-0: Ball
1-0: Called Strike
1-1: Foul Ball, location: 2F
1-2: Ball
2-2: Ball
3-2: Foul Ball, location: 2F
3-2: Fly out, F5 (Popup, 5F, EV 76.2 MPH)
Bottom of the 5th over - 0 runs, 0 hits, 0 errors, 0 left on base; Northwest Arkansas 2 - Montgomery 2
TOP OF THE 6TH
Northwest Arkansas Naturals batting - Pitching for Montgomery Biscuits : RHP Miguel Romero
Batting: RHB Chad Sullivan 0-0: Called Strike
0-1: Foul Ball, location: 2F
0-2: Strikes out looking
Batting: RHB Eric Erickson 0-0: Swinging Strike
0-1: Called Strike
0-2: Ball
1-2: SINGLE (Flyball, 8RS, EV 87.5 MPH)
Pitching: RHP Jaime Astacio
Batting: SHB Danny Ballenger 0-0: Foul Ball, location: 2F
0-1: Called Strike
Eric Erickson steals 2nd base (no throw)
0-2: Ball
1-2: Foul Ball, location: 2F
1-2: Ball
2-2: Foul Ball, location: 2F
2-2: Foul Ball, location: 2F
2-2: Foul Ball, location: 2F
2-2: Ball
3-2: Foul Ball, location: 2F
3-2: Strikes out looking
Batting: SHB Ryoji Hiraoka 0-0: Foul Ball, location: 2F
0-1: Called Strike
0-2: Strikes out swinging
Top of the 6th over - 0 runs, 1 hit, 0 errors, 1 left on base; Northwest Arkansas 2 - Montgomery 2
BOTTOM OF THE 6TH
Montgomery Biscuits batting - Pitching for Northwest Arkansas Naturals : RHP Justin Potts
Batting: RHB Alex Diaz 0-0: Swinging Strike
0-1: Foul Ball, location: 2F
0-2: Ball
1-2: Foul Ball, location: 2F
1-2: Strikes out swinging
Batting: LHB Eric Toney 0-0: Foul Ball, location: 2F
0-1: Called Strike
0-2: Ball
1-2: Fly out, F8 (Flyball, 8RD, EV 94.4 MPH)
Batting: RHB James Huddleston 0-0: Called Strike
0-1: Ball
1-1: Ball
2-1: Foul Ball, location: 2F
2-2: Strikes out swinging
Bottom of the 6th over - 0 runs, 0 hits, 0 errors, 0 left on base; Northwest Arkansas 2 - Montgomery 2
TOP OF THE 7TH
Northwest Arkansas Naturals batting - Pitching for Montgomery Biscuits : RHP Jaime Astacio
Batting: RHB Kazuki Arai 0-0: Ground out 3-1 (Groundball, 34S, EV 93.8 MPH)
Batting: RHB Alex Cid 0-0: Ball
1-0: Ball
2-0: Ball
3-0: Base on Balls
Batting: RHB Edwin Ramos 0-0: Called Strike
0-1: Ball
1-1: Ball
2-1: Called Strike
2-2: Foul Ball, location: 2F
2-2: Fielders Choice at 2nd, 6-4 (Groundball, 56, EV 105.0 MPH)
Batting: LHB Bobby Gonzalez 0-0: Ball
1-0: Called Strike
Edwin Ramos is caught stealing 2nd base 2-6
Top of the 7th over - 0 runs, 0 hits, 0 errors, 0 left on base; Northwest Arkansas 2 - Montgomery 2
BOTTOM OF THE 7TH
Montgomery Biscuits batting - Pitching for Northwest Arkansas Naturals : RHP Justin Potts
Pitching: RHP Junsuke Abe
Batting: SHB Julio Hernandez 0-0: Ball
1-0: SINGLE (Line Drive, 6MD, EV 103.1 MPH)
Batting: LHB Danny Hull 0-0: Ball
1-0: Sac Bunt to 15S - play at first, batter OUT! 1-3
Julio Hernandez to second
Batting: RHB Roberto Aispuro 0-0: Swinging Strike
0-1: Ball
1-1: Fly out, F8 (Flyball, 8RM, EV 93.1 MPH)
Batting: LHB Darryl Gonnella 0-0: Ball
1-0: Called Strike
1-1: Ball
2-1: Foul Ball, location: 2F
2-2: Ball
3-2: Strikes out swinging
Bottom of the 7th over - 0 runs, 1 hit, 0 errors, 1 left on base; Northwest Arkansas 2 - Montgomery 2
TOP OF THE 8TH
Northwest Arkansas Naturals batting - Pitching for Montgomery Biscuits : RHP Jaime Astacio
Batting: LHB Bobby Gonzalez 0-0: Foul Ball, location: 2F
0-1: Ground out U3 (Groundball, 34S, EV 68.8 MPH)
Batting: LHB Joe Cozart 0-0: Ball
1-0: Ball
2-0: SINGLE (Groundball, 4MD, EV 95.6 MPH)
Batting: RHB Chad Sullivan 0-0: Called Strike
0-1: Ball
1-1: Ball
2-1: Bunted foul
2-2: Foul Ball, location: 2F
2-2: Ground out 5-3 (Groundball, P, EV 90.6 MPH)
Joe Cozart to second
Batting: RHB Eric Erickson 0-0: Fly out, F7 (Flyball, 7, EV 71.9 MPH)
Top of the 8th over - 0 runs, 1 hit, 0 errors, 1 left on base; Northwest Arkansas 2 - Montgomery 2
BOTTOM OF THE 8TH
Montgomery Biscuits batting - Pitching for Northwest Arkansas Naturals : RHP Junsuke Abe
Pitching: RHP Mike Tuck
Batting: RHB Chris Thorson 0-0: Ball
1-0: Ball
2-0: Ball
3-0: Base on Balls
Batting: SHB Joey Pacheco 0-0: Ball
1-0: SINGLE (Groundball, 4MD, EV 96.2 MPH)
Chris Thorson to second
Runner from 2nd tries for 3rd, OUT! 8-5
Batting: RHB Alex Diaz 0-0: Called Strike
0-1: Ball
1-1: Ball
2-1: Foul Ball, location: 2F
2-2: Ball
3-2: Base on Balls
Joey Pacheco to second
Batting: LHB Eric Toney 0-0: Ball
1-0: Called Strike
1-1: Ground out 4-3 (Groundball, 34D, EV 101.2 MPH)
Joey Pacheco to third
Alex Diaz to second
Batting: RHB James Huddleston 0-0: Ball
1-0: Swinging Strike
1-1: Called Strike
1-2: Foul Ball, location: 2F
1-2: Ball
2-2: Foul Ball, location: 2F
2-2: Strikes out swinging
Bottom of the 8th over - 0 runs, 1 hit, 0 errors, 2 left on base; Northwest Arkansas 2 - Montgomery 2
TOP OF THE 9TH
Northwest Arkansas Naturals batting - Pitching for Montgomery Biscuits : RHP Jaime Astacio
Pitching: RHP David Breaux
Batting: SHB Danny Ballenger 0-0: Ball
1-0: Called Strike
1-1: Called Strike
1-2: Foul Ball, location: 2F
1-2: Foul Ball, location: 2F
1-2: Ground out 6-3 (Groundball, 6, EV 83.1 MPH)
Batting: SHB Ryoji Hiraoka 0-0: Ground out 3-1 (Groundball, 34S, EV 83.1 MPH)
Batting: RHB Kazuki Arai 0-0: Ball
1-0: Called Strike
1-1: Foul Ball, location: 2F
1-2: Ground out 6-3 (Groundball, 6, EV 96.2 MPH)
Top of the 9th over - 0 runs, 0 hits, 0 errors, 0 left on base; Northwest Arkansas 2 - Montgomery 2
BOTTOM OF THE 9TH
Montgomery Biscuits batting - Pitching for Northwest Arkansas Naturals : RHP Mike Tuck
Pitching: RHP John Barnett
Batting: SHB Julio Hernandez 0-0: Called Strike
0-1: Ball
1-1: Called Strike
1-2: Strikes out swinging
Batting: LHB Danny Hull 0-0: Ground out 1-3 (Groundball, 23, EV 73.8 MPH)
Batting: RHB Roberto Aispuro 0-0: Ball
1-0: Fly out, F4 (Line Drive, 4, EV 71.2 MPH)
Bottom of the 9th over - 0 runs, 0 hits, 0 errors, 0 left on base; Northwest Arkansas 2 - Montgomery 2
TOP OF THE 10TH
Northwest Arkansas Naturals batting - Pitching for Montgomery Biscuits : RHP David Breaux
Batting: RHB Alex Cid 0-0: Called Strike
0-1: Swinging Strike
0-2: Reached on error, E4 (Groundball, 4, EV 92.5 MPH)
Batting: RHB Edwin Ramos 0-0: Ball
1-0: Ball
2-0: 2-RUN HOME RUN (Flyball, 9D, EV 96.9 MPH), Distance : 383 ft
Batting: LHB Bobby Gonzalez 0-0: SINGLE (Line Drive, 8LS, EV 100.6 MPH)
Batting: LHB Joe Cozart 0-0: Called Strike
0-1: Ball
1-1: Called Strike
1-2: Ball
2-2: Strikes out swinging
Batting: RHB Chad Sullivan 0-0: Called Strike
0-1: Foul Ball, location: 2F
0-2: Foul Ball, location: 2F
0-2: Strikes out swinging
Batting: RHB Eric Erickson 0-0: Called Strike
0-1: Foul Ball, location: 2F
0-2: Ball
1-2: Ball
2-2: Strikes out looking
Top of the 10th over - 2 runs, 2 hits, 1 error, 1 left on base; Northwest Arkansas 4 - Montgomery 2
BOTTOM OF THE 10TH
Montgomery Biscuits batting - Pitching for Northwest Arkansas Naturals : RHP John Barnett
Batting: LHB Darryl Gonnella 0-0: Swinging Strike
0-1: Called Strike
0-2: Ball
1-2: Ball
2-2: Ground out 4-3 (Groundball, 4M, EV 84.4 MPH)
Batting: RHB Chris Thorson 0-0: Foul Ball, location: 2F
0-1: Foul Ball, location: 2F
0-2: Ball
1-2: Foul Ball, location: 2F
1-2: Ball
2-2: Ground out 5-3 (Groundball, 5, EV 106.2 MPH)
Batting: SHB Joey Pacheco 0-0: Ball
1-0: Ball
2-0: Ground out U3 (Groundball, 3L, EV 111.2 MPH)
Bottom of the 10th over - 0 runs, 0 hits, 0 errors, 0 left on base; Northwest Arkansas 4 - Montgomery 2
Tuesday, March 28th , 2023 - OOTP Baseball 23.10 Build 110